 Dungeon Crawl Stone Soup version 0.18.1-48-g4cf74bf (webtiles) character file.

299 Heedrag the Conjurer (level 6, -2/32 HPs)
             Began as a Deep Elf Conjurer on July 29, 2016.
             Slain by an orc priest
             ... wielding a +0 hand axe
              (4 damage)
             ... on level 4 of the Dungeon.
             The game lasted 00:08:08 (2658 turns).

Heedrag the Conjurer (Deep Elf Conjurer)            Turns: 2658, Time: 00:08:08

Health: -2/32      AC:  5    Str:  7    XL:     6   Next: 13%
Magic:  0/16       EV: 13    Int: 20    God:
Gold:   196        SH:  0    Dex: 15    Spells: 4 memorised, 2 levels left

rFire  . . .     SeeInvis .     u - +1 dagger (holy)
rCold  . . .     Gourm    .     a - +0 robe
rNeg   . . .     Faith    .     (no shield)
rPois  .         Spirit   .     k - +2 helmet
rElec  .         Dismiss  .     (no cloak)
rCorr  +         Reflect  .     (no gloves)
SustAt .         Harm     .     (no boots)
MR     .....                    (no amulet)
Stlth  ++........               (no ring)
                                x - ring of resist corrosion

@: not resistant to hostile enchantments, unstealthy
A: no striking features
a: no special abilities


You were on level 4 of the Dungeon.
You were not hungry.

You visited 1 branch of the dungeon, and saw 4 of its levels.

You collected 196 gold pieces.

Inventory:

Hand Weapons
 j - a +0 short sword
 u - a +1 dagger of holy wrath (weapon)
Armour
 a - a +0 robe (worn)
 i - a +0 buckler
 k - a +2 helmet (worn)
Jewellery
 x - a ring of resist corrosion (left hand)
Wands
 y - a wand of slowing (29/48)
Scrolls
 d - a scroll of enchant weapon {unknown}
 e - a scroll of fear {unknown}
 f - 3 scrolls of blinking {unknown}
 n - a scroll of amnesia {unknown}
 r - a scroll of identify {unknown}
 t - a scroll of remove curse {unknown}
 v - a scroll of noise {unknown}
 w - a scroll of teleportation {unknown}
Potions
 g - 2 potions of brilliance {unknown}
 l - 2 potions of curing {unknown}
 o - a potion of flight {unknown}
 q - 2 potions of cancellation {unknown}
Books
 b - a book of Conjurations

   Spells                             Type                      Level
   a - Magic Dart                     Conjuration                  1
   b - Searing Ray                    Conjuration                  2
   c - Dazzling Spray                 Conjuration/Hexes            3
   d - Fulminant Prism                Conjuration/Hexes            4
   e - Iskenderun's Mystic Blast      Conjuration                  4
   f - Iskenderun's Battlesphere      Conjuration/Charms           5
 z - a book of the Sky

   Spells                             Type                      Level
   a - Summon Lightning Spire         Summoning/Air                4
   b - Airstrike                      Air                          4
   c - Silence                        Hexes/Air                    5
   d - Deflect Missiles               Charms/Air                   6
   e - Conjure Ball Lightning         Conjuration/Air              6
   f - Tornado                        Air                          9
Comestibles
 c - 4 bread rations
 h - a beef jerky
 m - a meat ration
 p - 4 chunks of flesh
 s - a slice of pizza


   Skills:
 - Level 2.4 Dodging
 - Level 2.4 Stealth
 + Level 5.4 Spellcasting
 * Level 6.9 Conjurations
 + Level 2.0 Charms


You had 2 spell levels left.
You knew the following spells:

 Your Spells              Type           Power        Failure   Level  Hunger
a - Magic Dart            Conj           ####         1%          1    None
b - Dazzling Spray        Conj/Hex       ###...       10%         3    ##.....
c - Iskenderun's Mystic   Conj           ####....     10%         4    ####...
d - Iskenderun's Battles  Conj/Chrm      ###.....     58%         5    #####..


Dungeon Overview and Level Annotations

Branches:
Dungeon (4/15)
 Temple: D:4-7

Altars:
Cheibriados
Pakellas
Beogh


Message History

Tha orc priest be nay longer blind.
Castin': Magic Dart Confirm wit' . or Enter, or press ? or * ta list all spells.
Aimin': Magic Dart
Press: ? - help, Shift-Dir - straight line, f - orc priest
Aim: an orc priest, wieldin' a hand axe an' wearin' a leathar armour (severely wounded) Tha magic dart hits tha orc priest.
Tha orc priest be almost dead.
Tha orc priest barely misses ye.
Ye hit tha orc priest.
Tha orc priest be almost dead.
Castin': Magic Dart Confirm wit' . or Enter, or press ? or * ta list all spells.
Aimin': Magic Dart
Press: ? - help, Shift-Dir - straight line, f/p - orc priest
Aim: an orc priest, wieldin' a hand axe an' wearin' a leathar armour (almost dead) Tha magic dart hits tha orc priest.
Tha orc priest be almost dead.
Tha orc priest hits ye wit' a hand axe.
Ye die...

#. #.#####
...########.#
#..#......#.#
#..#......#.#######
#.#......#........
#........#.#######
#.................
#........#.#######
#@#.###.##.#
#o#..##.##.#
#o##.##<##.#
#.##..####.###
#)).o.....)...
........###..###.###
........+....#
........####.#
........##...o......


You could see an orc priest and an orc.

Vanquished Creatures
  An orc wizard (D:4)
  2 orc priests
  An iguana (D:3)
  A worker ant (D:4)
  2 gnolls (D:3)
  6 adders
  3 worms
  3 dart slugs
  2 giant geckos
  8 orcs
  7 bats
  3 giant cockroaches (D:3)
  4 hobgoblins
  6 jackals (D:2)
  3 quokkas
  2 ball pythons
  2 giant cockroach zombies (D:3)
  5 giant newts
  8 goblins
  2 kobolds
  5 rats
76 creatures vanquished.

Vanquished Creatures (others)
  A quokka (D:4)
1 creature vanquished.

Grand Total: 77 creatures vanquished

Notes
Turn   | Place    | Note
--------------------------------------------------------------
     0 | D:1      | Heedrag the Deep Elf Conjurer began the quest for the Orb.
     0 | D:1      | Reached XP level 1. HP: 10/10 MP: 6/6
   381 | D:1      | Reached XP level 2. HP: 15/15 MP: 4/8
   542 | D:2      | Reached skill level 5 in Conjurations
   764 | D:2      | Reached XP level 3. HP: 19/19 MP: 7/10
   769 | D:2      | Learned a level 3 spell: Dazzling Spray
   903 | D:2      | Found an oddly glowing altar of Pakellas.
  1241 | D:2      | Reached XP level 4. HP: 24/24 MP: 8/12
  1849 | D:3      | Found a roughly hewn altar of Beogh.
  1867 | D:3      | Reached skill level 6 in Conjurations
  1922 | D:3      | Reached XP level 5. HP: 11/28 MP: 0/14
  2135 | D:3      | Learned a level 4 spell: Iskenderun's Mystic Blast
  2141 | D:3      | Learned a level 5 spell: Iskenderun's Battlesphere
  2149 | D:3      | Reached skill level 5 in Spellcasting
  2290 | D:3      | Found a snail-covered altar of Cheibriados.
  2314 | D:3      | Reached skill level 1 in Charms
  2584 | D:4      | Reached XP level 6. HP: 23/32 MP: 9/16
  2658 | D:4      | Slain by an orc priest

Skill      XL: |  1  2  3  4  5  6 |
---------------+-------------------+-----
Conjurations   | 5 6 |  6.9
Spellcasting   | 4 5 |  5.4
Charms         | 1 2 |  2.0
Dodging        | |  2.4
Stealth        | |  2.4

Action                   |  1- 3 |  4- 6 || total
-------------------------+-------+-------++-------
Melee: Short sword       |     5 |       ||     5
       Dagger            |       |     4 ||     4
 Cast: Magic Dart        |    80 |   126 ||   206
       Dazzling Spray    |       |     6 ||     6
  Eat: Chunk             |     1 |     4 ||     5
Armor: Robe              |     2 |     3 ||     5
Dodge: Dodged            |    16 |    11 ||    27
